 Dungeon Crawl Stone Soup version 0.23.2-1-ga50397a6bc (webtiles) character file.

Game seed: 5062983307372707323

82 MisterOstroum the Charmwright (level 4, 0/23 HPs)
             Began as a Vine Stalker Skald on Apr 29, 2019.
             Was a Follower of Dithmenos.
             Slain by a quokka (1 damage)
             ... on level 2 of the Dungeon.
             The game lasted 00:02:16 (2003 turns).

MisterOstroum the Charmwright (Vine Stalker Skald)  Turns: 2003, Time: 00:02:17

Health: 0/23       AC:  3    Str: 15    XL:     4   Next: 43%
Magic:  0/9        EV: 12    Int: 13    God:    Dithmenos [*.....]
Gold:   42         SH:  0    Dex: 13    Spells: 8/9 levels left

rFire    . . .     SeeInvis .   a - +0 falchion
rCold    . . .     Gourm    .   (no shield)
rNeg     . . .     Faith    .   b - +0 leather armour
rPois    .         Spirit   +   (no helmet)
rElec    .         Reflect  .   (no cloak)
rCorr    .         Harm     .   (no gloves)
MR       .....                  (no boots)
Stlth    +.........             (no amulet)
HPRegen  0.47/turn              (no ring)
MPRegen  0.11/turn              (no ring)

@: lethally poisoned (0 -> 0), wreathed by umbra
A: fangs 2, regeneration 1, magic shield, antimagic bite, no potion heal 3, rot
immunity
a: Renounce Religion


You were on level 2 of the Dungeon.
You worshipped Dithmenos.
Dithmenos was aware of your devotion.
You were not hungry.

You visited 1 branch of the dungeon, and saw 2 of its levels.

You collected 42 gold pieces.

Inventory:

Hand Weapons
 a - a +0 falchion (weapon)
Missiles
 d - 63 stones (quivered)
Armour
 b - a +0 leather armour (worn)
Jewellery
 p - a +2 ring of evasion {unknown}
Scrolls
 c - a scroll of remove curse {unknown}
 f - a scroll of enchant weapon {unknown}
 h - 2 scrolls of enchant armour {unknown}
 i - 3 scrolls of amnesia {unknown}
 j - a scroll of fear {unknown}
 l - a scroll of immolation {unknown}
 n - a scroll of fog {unknown}
 o - 2 scrolls of teleportation {unknown}
Potions
 g - a potion of might {unknown}
 k - a potion of flight {unknown}
 m - 2 potions of agility {unknown}
Comestibles
 e - 7 rations
 q - 9 chunks of flesh


   Skills:
 + Level 2.5 Fighting
 + Level 2.5 Long Blades
 - Level 0.7 Armour
 - Level 1.6 Dodging
 + Level 3.0 Spellcasting
 + Level 3.6 Charms


You had 8 spell levels left.
You knew the following spells:

 Your Spells              Type           Power        Failure   Level  Hunger
a - Infusion              Chrm           ##..         6%          1    #......

Your spell library contained the following spells:

 Spells                   Type           Power        Failure   Level  Hunger
 Song of Slaying          Chrm           ##......     10%         2    ###....
 Shroud of Golubria       Chrm/Tloc      #.........   21%         2    ###....
 Regeneration             Chrm/Necr      #.........   38%         3    ###....
 Spectral Weapon          Hex/Chrm       #.......     38%         3    ###....


Dungeon Overview and Level Annotations

Branches:
Dungeon (2/15)

Altars:
Dithmenos

Annotations:
D:2 Terence


Innate Abilities, Weirdness & Mutations

You have extremely sharp teeth.
Your natural rate of healing is unusually fast.
When hurt, damage is shared between your health and your magic reserves.
Your bite disrupts and absorbs the magic of your enemies.
Potions cannot restore your health.
You are immune to rotting.


Message History

You kill the adder!
Dithmenos accepts your kill.
Your Spellcasting skill increases to level 3!
A gnoll comes into view. It is wielding a +0 long sword.
The quokka misses you.
You hit Terence. You bite Terence, but do no damage.
Terence is lightly wounded.
The jackal closely misses you. Terence hits you with a +0 flail.
The jackal barely misses you.
The quokka bites you but does no damage.
The jackal closely misses you. The gnoll hits you.
You are too injured to fight recklessly!
You are too injured to fight recklessly!
You are too injured to fight recklessly!
You are too injured to fight recklessly!
You are too injured to fight recklessly!
You are too injured to fight recklessly!
You are too injured to fight recklessly!
You are too injured to fight recklessly!
You are too injured to fight recklessly!
You are too injured to fight recklessly!
You are too injured to fight recklessly!
You are too injured to fight recklessly!
You are too injured to fight recklessly!
You are too injured to fight recklessly!
You are too injured to fight recklessly!
You are too injured to fight recklessly!
You are too injured to fight recklessly!
You are too injured to fight recklessly!
You are too injured to fight recklessly!
You are too injured to fight recklessly!
You are too injured to fight recklessly!
You are too injured to fight recklessly!
You are too injured to fight recklessly!
You are too injured to fight recklessly!
You are too injured to fight recklessly!
You are too injured to fight recklessly!
You are too injured to fight recklessly!
You are too injured to fight recklessly!
You are too injured to fight recklessly!
You are too injured to fight recklessly!
There are monsters nearby!
You are too injured to fight recklessly!
The jackal misses you.
You riposte.
You closely miss the jackal. The quokka bites you.
The jackal closely misses you.
You riposte.
You hit the jackal but do no damage. Terence barely misses you.
The gnoll closely misses you. The jackal barely misses you.
You feel sick.
The jackal bites you but does no damage.
The quokka closely misses you. The jackal misses you.
Terence hits you with a +0 flail. The jackal closely misses you.
You riposte.
You barely miss the jackal. The gnoll closely misses you.
The quokka closely misses you. The jackal closely misses you.
You riposte.
You hit the jackal.
The jackal is severely wounded.
The jackal bites you. Terence closely misses you. The quokka barely misses you.
The gnoll barely misses you. The jackal closely misses you.
The jackal bites you.
* * * LOW HITPOINT WARNING * * *
The quokka misses you.
The jackal bites you but does no damage.
The gnoll hits you!
* * * LOW HITPOINT WARNING * * *
Terence misses you. The jackal closely misses you.
You riposte.
You hit the jackal.
The jackal is moderately wounded.
The jackal barely misses you. The quokka closely misses you.
You riposte.
You barely miss the quokka. You bite the quokka, but do no damage.
The jackal closely misses you. The gnoll barely misses you.
* * * LOW HITPOINT WARNING * * *
You feel sick. The jackal closely misses you.
You riposte.
You closely miss the jackal.
The jackal is severely wounded.
Terence completely misses you.
You riposte.
You hit Terence. You bite Terence. You drain his power.
You feel invigorated.
Terence is moderately wounded.
The jackal bites you but does no damage.
The quokka bites you but does no damage.
The jackal barely misses you. The gnoll barely misses you.
The jackal closely misses you. The quokka barely misses you.
Terence barely misses you. The jackal closely misses you.
The jackal barely misses you.
The quokka twitches its whiskers.
The quokka closely misses you. The jackal completely misses you.
You riposte.
You slash the jackal!
You kill the jackal!
Dithmenos accepts your kill. The jackal misses you.
You riposte.
You hit the jackal but do no damage.
The jackal is moderately wounded.
Terence says, "You're history."
Terence closely misses you.
You riposte.
You closely miss Terence. Your bite misses Terence.
Terence is moderately wounded.
The quokka barely misses you.
You riposte.
You hit the quokka.
The quokka is heavily wounded.
The bat misses you. The bat hits you but does no damage.
The gnoll hits you with a +0 long sword.
* * * LOW HITPOINT WARNING * * *
The jackal closely misses you. The quokka bites you.
You die... #..........# ...........# #..........# #.......... ........ .ggh.

#. #.###rg#####.. #.
#...b.@h......
#.#########.@######
#....##........#
#(......#.........#
####....##.#.##...##.#
.........รท.#.# #..# #
###....####.# ..#
######....####.# #.#
#.########
....##.......#.# .#
#.#.......


You could see Terence, 3 gnolls, a quokka, 2 jackals and a bat.

Vanquished Creatures
  3 adders (D:2)
  3 dart slugs (D:1)
  2 leopard geckos
  5 giant cockroaches
  9 goblins
  6 hobgoblins
  2 jackals (D:2)
  3 bats
  7 kobolds
  7 rats
47 creatures vanquished.

Vanquished Creatures (others)
  A bush (D:1)
1 creature vanquished.

Grand Total: 48 creatures vanquished

Notes
Turn   | Place    | Note
-------+----------+-------------------------------------------
     0 | D:1      | MisterOstroum the Vine Stalker Skald began the quest for
                  | the Orb.
     0 | D:1      | Reached XP level 1. HP: 11/11 MP: 4/4
   268 | D:1      | Reached XP level 2. HP: 12/15 MP: 4/6
   950 | D:1      | Reached XP level 3. HP: 18/18 MP: 5/7
  1761 | D:2      | Found a faded altar of an unknown god.
  1766 | D:2      | Became a worshipper of Dithmenos the Shadowed
  1766 | D:2      | Reached * piety under Dithmenos
  1953 | D:2      | Gained mutation: Your natural rate of healing is unusually
                  | fast. [Vine Stalker growth]
  1953 | D:2      | Reached XP level 4. HP: 22/23 MP: 9/9
  1983 | D:2      | Noticed Terence
  1998 | D:2      | HP: 1/23 [gnoll (5)]
  2003 | D:2      | HP: 1/23 [gnoll/+0 long sword (1)]
  2003 | D:2      | Slain by a quokka

Skill      XL: |  1  2  3  4 |
---------------+-------------+-----
Fighting       | 2 |  2.5
Long Blades    | 2 |  2.5
Spellcasting   | 3 |  3.0
Armour         | |  0.7
Dodging        | |  1.6
Charms         | |  3.6

Action                   |  1- 3 |  4- 6 || total
-------------------------+-------+-------++-------
Melee: Falchion          |   208 |    13 ||   221
       Bite              |    86 |     7 ||    93
  Eat: Chunk             |     4 |       ||     4
Armor: Leather armour    |    28 |    10 ||    38
Dodge: Dodged            |    59 |    71 ||   130
       Rpst.: Falchion   |    19 |    20 ||    39
